 Dungeon Crawl Stone Soup version 0.20-a0-731-gecde0bf (webtiles) character file.

90 Alarkh the Ruffian (level 4, 27/38 (40) HPs)
             Began as a Ghoul Monk on Feb 22, 2017.
             Was a Believer of Wu Jian.
             Safely got out of the dungeon.
             The game lasted 00:02:58 (1611 turns).

Alarkh the Ruffian (Ghoul Monk)                     Turns: 1611, Time: 00:02:59

HP:   27/38 (40)    AC:  2    Str: 14    XL:     4   Next: 56%
MP:   12/12         EV: 10    Int:  6    God:    Wu Jian [**....]
Gold: 106           SH:  6    Dex: 11    Spells: 3/3 levels left

rFire    . . .     SeeInvis .     - Unarmed
rCold    + . .     Gourm    .   a - +0 robe
rNeg     + + +     Faith    .   n - +0 shield
rPois    ∞         Spirit   .   (no helmet)
rElec    .         Reflect  .   (no cloak)
rCorr    .         Harm     .   (no gloves)
MR       .....                  (no boots)
Stlth    ++........             (no amulet)
Regen    0.2/turn               (no ring)
MPRegen  0.2/turn               m - ring of magical power

@: rotting
A: rotting body, claws 1, carnivore 3, cold resistance 1, negative energy
resistance 3, inhibited regeneration, torment resistance, unbreathing
a: Renounce Religion


You escaped.
You worshipped Wu Jian.
Wu Jian was pleased with you.
You were not hungry.

You visited 1 branch of the dungeon, and saw 3 of its levels.

You collected 106 gold pieces.

Inventory:

Armour
 a - a +0 robe (worn)
 n - a +0 shield (worn)
 q - a +0 pair of gloves
Jewellery
 m - a ring of magical power (left claw)
Scrolls
 d - a scroll of blinking {unknown}
 e - a scroll of identify
 f - 3 scrolls of remove curse
 j - a scroll of magic mapping {unknown}
 k - a scroll of fear {unknown}
Potions
 g - a potion of lignification
 h - a potion of mutation {unknown}
 i - 2 potions of curing
 l - a potion of might {unknown}
 o - a potion of flight {unknown}
 p - a potion of agility {unknown}
Comestibles
 b - a meat ration


   Skills:
 + Level 4.1 Fighting
 + Level 3.1 Dodging
 - Level 2.1 Stealth
 + Level 0.0 Shields
 * Level 4.8 Unarmed Combat


You had 3 spell levels left.
You didn't know any spells.

Dungeon Overview and Level Annotations

Branches:
Dungeon (3/15)

Altars:
Wu Jian

Annotations:
D:3 Graouh's ghost, amateur MiFi


Innate Abilities, Weirdness & Mutations

Your body is rotting away.
You thrive on raw meat.
You are immune to poison.
You have sharp fingernails.
You are carnivorous and can eat meat at any time.
Your flesh is cold resistant. (rC+)
You are immune to negative energy. (rN+++)
You do not regenerate when monsters are visible.
You are immune to unholy pain and torment.
You can survive without breathing.


Message History

There is an open door here.
There is an open door here.
You see here a club.
There is an open door here.
You see here an uncursed amulet of inaccuracy.
A giant cockroach comes into view.
You can't go up here!
The giant cockroach bites you but does no damage.
You have no room to wall jump.
You have no room to wall jump.
You scratch the giant cockroach but do no damage.
You block the giant cockroach's attack. The giant cockroach bites you.
You scratch the giant cockroach.
You kill the giant cockroach!
The Council accepts your kill.
(D) Dungeon
Where to? (Enter - D:1 @ (x,y), ? - help)
There is a staircase leading out of the dungeon here.
Are you sure you want to leave the Dungeon?
This will make you lose the game!
You have escaped!

#....# #.....#
#.....)'.....
#....####.....#
#....#.#)...#
#............##
#......#....#
##############
#.###..#....# #####
##.###..#....#
#...#######....#..#....#
##
#.........#.##....#....#
.#
#.##.####.#.##...##....#
.#
#.##.#.@#.#"##.#.##....#
.#
#.##.#..#.#.##.#.#######
.# #.##.#.##.#.##.#.# #
.#
######.##.#....#.##...#
# .#
#....#.##.######.##...#
# .#
#.##.#..............#.#
# .#
#.##.#...########...#.#
# .# #.##.##### #.###.#
# .####.##.# #.#.#.# #


There were no monsters in sight!

Vanquished Creatures
  An adder (D:2)
  2 oozes (D:1)
  2 worms (D:3)
  A dart slug (D:1)
  3 orcs (D:3)
  11 bats
  4 giant cockroaches (D:1)
  8 goblins
  8 hobgoblins
  6 jackals (D:2)
  6 kobolds
  2 frilled lizards (D:2)
  5 rats
59 creatures vanquished.

Notes
Turn   | Place    | Note
-------+----------+-------------------------------------------
     0 | D:1      | Alarkh the Ghoul Monk began the quest for the Orb.
     0 | D:1      | Reached XP level 1. HP: 19/19 MP: 0/0
    52 | D:1      | Reached XP level 2. HP: 13/26 MP: 1/1
   386 | D:1      | Reached XP level 3. HP: 29/32 MP: 2/2
   894 | D:2      | Reached XP level 4. HP: 39/40 MP: 3/3
  1130 | D:2      | Found an ornate altar of the Wu Jian Council.
  1166 | D:2      | Became a worshipper of the Wu Jian Council
  1166 | D:2      | Reached * piety under Wu Jian
  1166 | D:2      | Reached ** piety under Wu Jian
  1437 | D:3      | Noticed Graouh's ghost (amateur MiFi)
  1611 | D:$      | Safely got out of the dungeon.

Vault maps used:
D:1:      zelgadis_glass_arrival_small, st_stairs_4, serial_bayou_pond_e,
          minivault_24
D:2:      nicolae_overflow_crystal_walls, roderic_malta_cross, st_stairs_3

Skill      XL: |  1  2  3 |
---------------+----------+-----
Unarmed Combat | 4 |  4.8
Dodging        | 3 |  3.1
Fighting       | 4 |  4.1
Stealth        | |  2.1

Action                   |  1- 3 |  4- 6 || total
-------------------------+-------+-------++-------
Melee: Unarmed           |   106 |    61 ||   167
  Use: Scroll            |     2 |       ||     2
       Potion            |     1 |       ||     1
 Stab: Sleeping          |     4 |     1 ||     5
  Eat: Chunk             |     9 |     6 ||    15
Armor: Robe              |    27 |    10 ||    37
Dodge: Dodged            |    95 |    14 ||   109
Block: Shield            |       |     7 ||     7
